 Dungeon Crawl Stone Soup version 0.17.2-2-g6415ff710d (webtiles) character file.

119 Nierin the Chopper (level 4, -1/41 HPs)
             Began as a Minotaur Berserker on Dec 7, 2019.
             Was a Believer of Trog.
             Slain by a gnoll
             ... wielding a +0 dagger of chaos
              (2 damage)
             ... while paralysed by a gnoll
             ... on level 2 of the Dungeon.
             The game lasted 00:02:36 (1070 turns).

Nierin the Chopper (Minotaur Berserker)             Turns: 1070, Time: 00:02:36

Health: -1/41      AC: 11    Str: 21    XL:     4   Next: 74%
Magic:  3/3        EV:  2    Int:  4    God:    Trog [**....]
Gold:   31         SH:  0    Dex: 11    Spells: 0 memorised, 3 levels left

rFire  . . .     SeeInvis .     a - +0 hand axe
rCold  . . .     Clarity  .     o - +0 plate armour
rNeg   . . .     SustAt   .     (no shield)
rPois  .         Gourm    .     (helmet restricted)
rElec  .         Spirit   .     (no cloak)
rCorr  .         Warding  .     (no gloves)
rMut   .         Stasis   .     (no boots)
MR     .....                    (no amulet)
Stlth  ..........               (no ring)
                                (no ring)

@: paralysed, lethally poisoned (-1 -> -3), very slightly contaminated, hasted,
not resistant to hostile enchantments, extremely unstealthy
A: retaliatory headbutt, horns 2
a: Berserk, Trog's Hand, Burn Spellbooks, Renounce Religion


You were on level 2 of the Dungeon.
You worshipped Trog.
Trog was pleased with you.
You were hungry.

You visited 1 branch of the dungeon, and saw 2 of its levels.

You collected 31 gold pieces.

Inventory:

Hand Weapons
 a - a +0 hand axe (weapon)
Armour
 b - a +0 animal skin
 o - a +0 plate armour (worn)
Jewellery
 d - a cursed ring of loudness {unknown}
 q - an uncursed ring of magical power {unknown}
Wands
 n - a wand of enslavement (15)
Scrolls
 e - a scroll of fear {unknown}
 f - 2 scrolls of enchant weapon {unknown}
 i - 2 scrolls of remove curse {unknown}
 k - a scroll of random uselessness {unknown}
 m - a scroll of blinking {unknown}
Potions
 j - a potion of curing {unknown}
 l - a potion of agility {unknown}
 p - a potion of poison {unknown}
Comestibles
 c - 2 bread rations
 g - a meat ration
 h - 5 fruits


   Skills:
 + Level 4.4 Fighting
 + Level 4.9 Axes
 + Level 2.9 Armour
 + Level 3.4 Dodging
 + Level 0.5 Stealth


You had 3 spell levels left.
You didn't know any spells.

Dungeon Overview and Level Annotations

Branches:
Dungeon (2/15)

Altars:
Ru


Innate Abilities, Weirdness & Mutations

You reflexively headbutt those who attack you in melee.
You have a pair of horns on your head.


Message History

The gnoll is heavily wounded.
The gnoll barely misses you.
The gnoll hits you with a dagger of chaos.
The gnoll draws strength from your injuries!
You hit the gnoll. You headbutt the gnoll.
The gnoll is almost dead.
You feel sick. The gnoll hits you but does no damage.
You closely miss the gnoll.
The gnoll is almost dead.
The gnoll hits you but does no damage.
You suddenly lose the ability to move!
The gnoll hits you with a dagger of chaos.
The gnoll hits you but does no damage.
You are electrocuted!
You feel sick. The gnoll hits you but does no damage.
The gnoll hits you but does no damage.
You are electrocuted!
* * * LOW HITPOINT WARNING * * *
The gnoll hits you but does no damage.
You feel yourself speed up.
You are very lightly contaminated with residual magic.
The gnoll hits you but does no damage.
The gnoll hits you with a dagger of chaos.
You die...

#. #.###### #.# .
##...... ######## #..
##. # . ####### .......#
#.# ≈.#≈##. ######
######.# #.. ≈.#≈≈.#
#..... #.# # #.# ≈.≈..##
#.####
##.###.##.###≈.≈#... #
#####...##......#g#≈.#.≈
#.. .........####.#.@g!#
...#
####.....(....###≈..≈⌠≈≈
..# # #.....######
#§##≈#. . # ##....# §# ≈
# ####.# # # #.# .# #
#.# .# # #.# ... #.


You could see 2 gnolls.

Vanquished Creatures
  3 gnolls (D:2)
  4 adders (D:2)
  An ooze (D:2)
  A worm (D:2)
  A giant gecko (D:1)
  2 ball pythons (D:2)
  3 giant cockroaches
  9 hobgoblins
  8 jackals
  5 kobolds (D:1)
  5 bats (D:1)
  A giant newt (D:1)
  6 goblins
  3 rats
52 creatures vanquished.

Notes
Turn   | Place    | Note
--------------------------------------------------------------
     0 | D:1      | Nierin the Minotaur Berserker began the quest for the Orb.
     0 | D:1      | Reached XP level 1. HP: 19/19 MP: 0/0
   136 | D:1      | Reached XP level 2. HP: 27/27 MP: 1/1
   185 | D:1      | Reached skill level 4 in Axes
   431 | D:1      | Reached ** piety under Trog
   453 | D:1      | Reached XP level 3. HP: 29/33 MP: 2/2
   849 | D:2      | Reached XP level 4. HP: 33/40 MP: 3/3
   974 | D:2      | Found a sacrificial altar of Ru.
  1066 | D:2      | Paralysed by a gnoll for 5 turns
  1068 | D:2      | HP: 1/41 [gnoll/dagger of chaos (12)]
  1070 | D:2      | Slain by a gnoll

Action                   |  1- 3 |  4- 6 || total
-------------------------+-------+-------++-------
Melee: Hand axe          |    82 |    29 ||   111
 Stab: Sleeping          |     1 |       ||     1
